 Dungeon Crawl Stone Soup version 0.17-a0-1880-gacf7e67 (webtiles) character file.

193670 Ijustatesigmund the Commander (level 18, -22/119 HPs)
             Began as a Halfling Hunter on Sept 20, 2015.
             Was a High Priest of Okawaru.
             Killed from afar by a lich (35 damage)
             ... with an iron shot
             ... on level 1 of the Vaults on Sept 21, 2015.
             The game lasted 03:47:06 (52194 turns).

Ijustatesigmund the Commander (Halfling Hunter)    Turns: 52194, Time: 03:47:07

Health: -22/119    AC: 30    Str: 12    XL:     18   Next: 96%
Magic:  0/30       EV: 19    Int: 10    God:    Okawaru [*****.]
Gold:   769        SH: 14    Dex: 39    Spells: 3 memorised, 11 levels left

rFire  . . .     SeeInvis .     C - +2 greatsling (flame)
rCold  . . .     Clarity  .     L - +10 plate armour "Duen" {+Blink MR- Dex+7}
rNeg   . . .     SustAt   .     v - +1 shield
rPois  .         Gourm    .     J - +1 hat {MR+}
rElec  .         Spirit   +     j - +1 cloak {MR+}
rCorr  .         Warding  .     (no gloves)
rMut   .         Stasis   .     u - +2 pair of boots {Stlth+}
MR     ++...                    s - amulet "Obiogar" {Spirit Dex+4 Slay+2 Stlth+}
Stlth  ++++++....               X - ring of invisibility
                                W - +3 ring of evasion

@: agile, drained, very resistant to hostile enchantments, very stealthy
A: mutation resistance 1
a: Heroism, Finesse, Renounce Religion, Evoke Blink, Evoke Invisibility
}: 1/15 runes: gossamer


You were on level 1 of the Vaults.
You worshipped Okawaru.
Okawaru was extremely pleased with you.
You were not hungry.

You visited 7 branches of the dungeon, and saw 33 of its levels.
You visited 1 bazaar.
You also visited: Bailey.

You collected 3968 gold pieces.
You spent 3199 gold pieces at shops.

Inventory:

Hand weapons
 k - a +2 short sword of venom
 C - a +2 greatsling of flaming (weapon)
Missiles
 y - 96 stones (quivered)
 I - 2 sling bullets of frost
 K - 3 steel sling bullets
 T - 2 sling bullets of flame
Armour
 c - a +2 cloak of poison resistance
 f - the +2 chain mail "Ijecykla" {Slay+3}
   (You bought it in a shop in a bazaar)

   It affects your accuracy and damage with ranged weapons and melee attacks
   (+3).
 j - a +1 cloak of magic resistance (worn)
 l - a +2 helmet of intelligence
 n - a +5 ring mail of magic resistance
 u - a +2 pair of boots of stealth (worn)
 v - a +1 shield (worn)
 J - a +1 hat of magic resistance (worn)
 L - the +10 plate armour "Duen" (worn) {+Blink MR- Dex+7}
   (You bought it in a shop in a bazaar)

   It affects your dexterity (+7).
   It affects your resistance to hostile enchantments.
   It lets you blink.
 M - a +0 hat of see invisible
 Y - the +11 crystal plate armour "Serghoogg" {rF+ MR+}
   (Okawaru gifted it to you on level 1 of the Vaults)

   It protects you from fire.
   It affects your resistance to hostile enchantments.
Jewellery
 d - a +3 ring of dexterity
 r - an uncursed ring of protection from cold
 s - the amulet "Obiogar" (around neck) {Spirit Dex+4 Slay+2 Stlth+}
   (You bought it in a shop on level 9 of the Dungeon)

   [amulet of guardian spirit]

   It causes incoming damage to be split between your health and magic.
   It affects your dexterity (+4).
   It affects your accuracy and damage with ranged weapons and melee attacks
   (+2).
   It makes you more stealthy.
 Q - a cursed -3 ring of dexterity
 W - a +3 ring of evasion (left hand)
 X - a ring of invisibility (right hand)
Magical devices
 a - a wand of lightning (0)
 g - a wand of slowing (22)
 i - a wand of digging (16)
 m - a wand of digging (11)
 w - a wand of paralysis (13)
 G - a wand of disintegration (5)
 H - a wand of teleportation (5)
 O - a wand of fire (1)
Scrolls
 o - a scroll of immolation
 q - 2 scrolls of magic mapping
 A - 7 scrolls of remove curse
 E - a scroll of amnesia
 R - 9 scrolls of identify
 U - a scroll of teleportation
Potions
 b - 3 potions of cancellation
 h - 7 potions of might
 p - a potion of curing
 P - 2 potions of flight
 V - 4 potions of brilliance
Books
 z - a book of Burglary

   Spells                             Type                      Level
   a - Swiftness                      Charms/Air                   2
   b - Passwall                       Transmutation/Earth          3
   c - Passage of Golubria            Translocation                4
   d - Lee's Rapid Deconstruction     Earth                        5
   e - Darkness                       Hexes                        6
   f - Invisibility                   Hexes                        6
Comestibles
 e - 12 bread rations
 t - 2 chunks of flesh
 x - 12 meat rations


   Skills:
 - Level 9.4(9.1) Fighting
 - Level 11.4(11.0) Short Blades
 - Level 17.2(16.7) Slings
 * Level 9.2(8.8) Armour
 + Level 10.0(9.6) Dodging
 - Level 11.6(11.2) Stealth
 - Level 8.2(7.8) Shields
 - Level 2.6(2.3) Charms
 - Level 10.4(10.0) Translocations
 - Level 2.9(2.6) Air Magic
 - Level 17.5(17.0) Invocations
 - Level 9.3(8.9) Evocations


You had 11 spell levels left.
You knew the following spells:

 Your Spells              Type           Power        Failure   Level  Hunger
a - Blink                 Tloc           N/A          100%        2    ###....
b - Repel Missiles        Chrm/Air       #.....       100%        2    ###....
c - Swiftness             Chrm/Air       #.......     100%        2    ###....


Dungeon Overview and Level Annotations

Branches:
Dungeon (15/15)            Temple (1/1) D:5            Lair (6/8) D:11
  Swamp (1/4) Lair:3       Spider (4/4) Lair:3          Orc (4/4) D:11
    Elf (0/3) Orc:4        Vaults (2/5)              Depths (0/5) D:15
  Slime: Lair:6-8     Crypt: Vaults:2-3

Altars:
Ashenzari
Cheibriados
Dithmenos
Elyvilon
Fedhas
Gozag
Kikubaaqudgha
Makhleb
Nemelex Xobeh
Okawaru
Qazlal
Ru
Sif Muna
Trog
Vehumet
Xom
Yredelemnul
Zin
The Shining One
Beogh

Shops:
D:8 *   D:9 ==*(   D:13 :   Orc:4 %:*[(

Portals:
Trove: D:15 (show slimy rune of Zot)

Annotations:
Lair:5 exclusion: oklob plant
Orc:1 exclusion: oklob plant


Innate Abilities, Weirdness & Mutations

You are small and have problems with some larger weapons.
You are somewhat resistant to further mutation.


Message History

You fail to use your ability.
The lich touches you but does no damage.
You block the lich's attack.
You block the great orb of eyes's attack.
Drink which item? (? for menu, Esc to quit)
You feel better. The lich casts a spell at you. You resist with some effort.
The great orb of eyes bites you.
* * * LOW HITPOINT WARNING * * *
Use which ability?
You blink.
You feel slightly more hungry.
Drink which item? (? for menu, Esc to quit)
You feel agile all of a sudden. The lich casts a spell at you.
The bolt of cold hits you!
Use which ability?
You blink.
You feel slightly more hungry. The lich casts a spell at you.
The iron shot hits you!
You die...

#...............[...#......)
#...................######'#
#...........................
#...........................
#..........................#
#....####'###............))#
#....#....§.#............).#
#....#..[...#)...........))#
#....#.(G(.@#####'#######.))
#....#..L[..# ##...## #..#
#....#..§...# ##.....## #..#
#....#......###.......###..#
#....#......##..#####..##..#
#....#......'...#...#...#.)#
#....########...#...'...#...
#...........#...#...#...#...
#...........##..#####..##...


You could see a lich and a great orb of eyes.

Vanquished Creatures
  Saint Roka (Orc:3)
  Arachne (Spider:4)
  Rupert (D:13)
  Gastronok (Lair:1)
  A tengu reaver (D:13)
  Maud (Orc:3)
  A fire giant (D:13)
  6 emperor scorpions (Spider:4)
  An orc warlord (Orc:3)
  Louise (Spider:4)
  4 ghost moths (Spider:4)
  2 vault wardens
  An ironheart preserver (Vaults:1)
  A war gargoyle (D:13)
  A vault guard (D:13)
  2 ettins (D:13)
  Josephine (D:10)
  2 yaktaur captains
  A rakshasa (Vaults:1)
  2 hydras
  An ice dragon (Vaults:1)
  3 ogre magi
  5 centaur warriors
  2 catoblepae
  A deep troll shaman (Vaults:1)
  2 entropy weavers (Spider:2)
  2 alligators (Swamp:1)
  A tengu warrior (D:9)
  Urug (D:10)
  3 orc high priests
  Sonja (D:10)
  A skeletal warrior (D:13)
  2 deep trolls (Vaults:1)
  A shambling mangrove (Swamp:1)
  A swamp dragon (shapeshifter) (D:15)
  A giant orange brain (D:15)
  15 orc knights
  4 hill giants
  5 unseen horrors
  2 ironbrand convokers
  20 orb spiders
  12 ugly things
  A wolf spider zombie (D:13)
  5 orc sorcerers
  2 manticores
  2 griffons
  3 hornets
  27 wolf spiders
  A harpy (shapeshifter) (D:15)
  2 moths of wrath
  2 cyclopes
  2 necromancers
  An octopode (shapeshifter) (D:15)
  A vault sentinel (Vaults:1)
  8 centaur zombies
  Maurice (D:13)
  An elephant (D:11)
  2 black mambas
  2 gargoyles
  An elephant (shapeshifter) (Vaults:1)
  Psyche (D:10)
  17 spiny frogs
  A torpor snail (Spider:3)
  A kobold demonologist (D:13)
  4 centaur skeletons
  4 komodo dragons
  A komodo dragon (shapeshifter) (Vaults:1)
  A fire drake (shapeshifter) (D:13)
  6 demonic crawlers
  15 yaktaurs
  A tengu conjurer (D:9)
  A fire drake (Lair:5)
  A harpy zombie (D:15)
  A freezing wraith (D:13)
  32 jumping spiders
  7 trolls
  4 two-headed ogres
  2 polar bears
  A queen bee (Spider:1)
  22 blink frogs
  8 slime creatures
  2 boulder beetles
  3 bog bodies (Swamp:1)
  A human (D:12)
  Sigmund (D:3)
  A shadow (Swamp:1)
  A vampire (D:13)
  29 redbacks
  17 trapdoor spiders
  25 tarantellas
  4 deep elf magi
  5 wraiths
  3 spriggans
  A wyvern (D:9)
  4 basilisks
  Grum (D:8)
  25 yaks
  10 hippogriffs
  A human simulacrum (Vaults:1)
  15 vampire mosquitoes
  3 mottled dragons
  3 hungry ghosts
  A wolf (shapeshifter) (Vaults:1)
  6 insubstantial wisps (Swamp:1)
  4 wargs
  8 wolves
  5 swamp worms (Swamp:1)
  8 porcupines
  A soldier ant (shapeshifter) (D:13)
  4 water moccasins
  47 orc warriors
  An eye of draining (shapeshifter) (D:13)
  25 spiders
  7 necrophages
  A black bear (D:6)
  3 ice beasts
  2 phantoms
  A trapdoor spider simulacrum (D:13)
  9 wasps
  27 giant frogs
  5 sky beasts
  11 centaurs
  35 ogres
  A brain worm (shapeshifter) (D:13)
  7 crocodiles
  2 brain worms
  7 big kobolds
  A giant frog (shapeshifter) (D:15)
  4 wights (D:11)
  2 wyvern skeletons
  7 scorpions
  22 killer bees
  6 electric eels
  2 giant frog zombies
  15 crimson imps
  5 hounds
  A wyvern simulacrum (D:13)
  4 jellies
  34 orc wizards
  2 giant frog skeletons (D:10)
  An iron imp (D:7)
  4 yak simulacra (Lair:2)
  23 iguanas
  41 orc priests
  2 wolf simulacra (Lair:2)
  32 sheep
  11 worker ants
  A polar bear simulacrum (Lair:2)
  3 hound zombies
  2 hound skeletons
  3 gnolls
  12 adders
  27 river rats
  6 shadow imps
  2 oozes
  3 adder zombies
  2 worms
  2 adder skeletons
  6 giant geckos
  260 orcs
  6 bats
  13 goblins
  9 hobgoblins
  16 jackals
  3 quokkas
  A ball python (D:3)
  4 giant cockroaches
  6 giant newts
  57 kobolds
  2 quokka skeletons
  5 rats
  4 river rat simulacra (Lair:2)
  A fire vortex (D:15)
  A fungus (D:11)
  A plant (Lair:3)
1373 creatures vanquished.

Vanquished Creatures (others)
  A catoblepas (D:13)
  An orc high priest (Orc:3)
  An orc sorcerer (Vaults:1)
  A wasp (Swamp:1)
  A giant frog skeleton (D:12)
  An orc (Orc:2)
  8 fungi
  A plant (Lair:5)
15 creatures vanquished.

Grand Total: 1388 creatures vanquished

Notes
Turn   | Place    | Note
--------------------------------------------------------------
     0 | D:1      | Ijustatesigmund the Halfling Hunter began the quest for the Orb.
     0 | D:1      | Reached XP level 1. HP: 14/14 MP: 1/1
    78 | D:1      | Reached skill level 1 in Short Blades
    78 | D:1      | Reached skill level 6 in Slings
   136 | D:1      | Reached XP level 2. HP: 19/19 MP: 2/2
   223 | D:1      | Reached XP level 3. HP: 15/24 MP: 3/3
   691 | D:1      | Reached skill level 7 in Slings
   819 | D:2      | Reached XP level 4. HP: 29/29 MP: 4/4
  1183 | D:2      | Found a sparkling altar of Nemelex Xobeh.
  1610 | D:3      | Found a burning altar of Makhleb.
  1615 | D:3      | Noticed Sigmund
  1733 | D:4      | Reached skill level 8 in Slings
  1733 | D:4      | Reached XP level 5. HP: 26/34 MP: 3/5
  1947 | D:4      | Reached XP level 6. HP: 36/39 MP: 6/6
  2143 | D:4      | Found a burning altar of Makhleb.
  2148 | D:4      | Noticed a green death
  2550 | D:5      | Entered Level 5 of the Dungeon
  2606 | D:5      | Reached XP level 7. HP: 42/44 MP: 7/7
  2663 | D:5      | Reached skill level 9 in Slings
  2731 | D:5      | Reached skill level 5 in Short Blades
  3018 | D:5      | Found a staircase to the Ecumenical Temple.
  3024 | Temple   | Entered the Ecumenical Temple
  3090 | Temple   | Became a worshipper of Warmaster Okawaru
  3220 | D:5      | Reached skill level 10 in Slings
  3468 | D:5      | Reached XP level 8. HP: 49/49 MP: 8/8
  3702 | D:5      | Found a sacrificial altar of Ru.
  4094 | D:6      | Reached skill level 1 in Invocations
  4444 | D:6      | Acquired Okawaru's first power
  4444 | D:6      | Reached skill level 11 in Slings
  4520 | D:6      | Found a shattered altar of Ashenzari.
  4730 | D:6      | Reached skill level 12 in Slings
  5044 | D:6      | Reached XP level 9. HP: 26/54 MP: 4/11
  5963 | D:3      | Killed Sigmund
  5963 | D:3      | Reached skill level 13 in Slings
  6157 | D:3      | Found a shimmering altar of Xom.
  6397 | D:6      | Reached skill level 5 in Invocations
  6498 | D:6      | Reached skill level 14 in Slings
  7031 | D:7      | Found a snail-covered altar of Cheibriados.
  7797 | D:7      | Found a sparkling altar of Nemelex Xobeh.
  7923 | D:7      | Reached XP level 10. HP: 56/60 MP: 14/14
  8217 | D:8      | Reached skill level 1 in Armour
  8220 | D:8      | Noticed Grum
  8250 | D:8      | Killed Grum
  8498 | D:8      | Got a diamond-encrusted ring mail
  8509 | D:8      | Identified the +2 ring mail "Geowuono" {Regen+ rCorr Dex-3} (You found it on level 8 of the Dungeon)
  8546 | D:8      | Found a glowing golden altar of the Shining One.
  8615 | D:8      | Found Efeila Gamo's Assorted Antiques.
  8629 | D:8      | Bought a glass wand for 116 gold pieces
  8629 | D:8      | Bought a helmet for 130 gold pieces
  8629 | D:8      | Bought a wooden wand for 116 gold pieces
  8976 | D:8      | Found a radiant altar of Vehumet.
  9341 | D:9      | Received a gift from Okawaru
  9359 | D:9      | Found Tuamn's Jewellery Boutique.
  9362 | D:9      | Bought a cursed -2 ring of evasion for 22 gold pieces
  9447 | D:9      | Found Qeodydghat's Assorted Antiques.
  9484 | D:9      | Bought a spiked chain mail for 228 gold pieces
  9494 | D:9      | Identified the cursed +0 chain mail of Trog's Righteous Anger {+Blink rN+} (You bought it in a shop on level 9 of the Dungeon)
  9532 | D:9      | Found Etomoulu's Jewellery Shoppe.
  9594 | D:9      | Reached skill level 5 in Dodging
  9846 | D:9      | Noticed a tengu warrior
  9874 | D:9      | Killed a tengu warrior
  9874 | D:9      | Reached XP level 11. HP: 34/70 MP: 14/16
  9884 | D:9      | Reached skill level 5 in Armour
 10246 | D:9      | Found Vodatyl's Weapon Shoppe.
 10285 | D:9      | Received a gift from Okawaru
 10310 | D:9      | Reached skill level 5 in Stealth
 10380 | D:9      | Found a deep blue altar of Sif Muna.
 10488 | D:10     | Entered Level 10 of the Dungeon
 10705 | D:10     | Received a gift from Okawaru
 10771 | D:10     | Noticed Urug
 10791 | D:10     | Killed Urug
 10885 | D:10     | Noticed Josephine
 10906 | D:10     | Killed Josephine
 10906 | D:10     | Acquired Okawaru's second power
 11007 | D:10     | Noticed Sonja
 11236 | D:10     | Killed Sonja
 11236 | D:10     | Received a gift from Okawaru
 11584 | D:10     | Found a shattered altar of Ashenzari.
 11588 | D:10     | Noticed a centaur warrior
 11608 | D:10     | Killed a centaur warrior
 11608 | D:10     | Received a gift from Okawaru
 11608 | D:10     | Received a gift from Okawaru
 11608 | D:10     | Reached skill level 10 in Invocations
 11608 | D:10     | Reached XP level 12. HP: 19/75 MP: 19/19
 12054 | D:10     | Noticed Psyche
 12059 | D:10     | Killed Psyche
 12659 | D:11     | Reached skill level 1 in Shields
 12715 | D:11     | Reached skill level 5 in Fighting
 12968 | D:11     | Found a staircase to the Orcish Mines.
 13226 | D:11     | Found a staircase to the Lair.
 13528 | D:11     | Found a roughly hewn altar of Beogh.
 14558 | D:12     | Gained mutation: You are partially covered in icy blue scales (AC +1). [potion of beneficial mutation]
 15034 | D:12     | Reached skill level 5 in Shields
 15262 | D:13     | Noticed Rupert
 15296 | D:13     | Paralysed by Rupert for 7 turns
 15544 | Lair:1   | Entered Level 1 of the Lair of Beasts
 15632 | Lair:1   | Reached skill level 10 in Stealth
 15632 | Lair:1   | Reached XP level 13. HP: 83/85 MP: 20/20
 15921 | Lair:1   | Noticed Gastronok
 15964 | Lair:1   | Killed Gastronok
 16164 | Lair:1   | Received a gift from Okawaru
 16167 | Lair:1   | Got a pair of smoking boots {god gift}
 16173 | Lair:1   | Identified the +0 pair of boots of Evolution {rF+ rN++ Int-2} (Okawaru gifted it to you on level 1 of the Lair of Beasts)
 18102 | Lair:2   | Reached skill level 15 in Slings
 18681 | Orc:1    | Entered Level 1 of the Orcish Mines
 21138 | Orc:2    | Found a roughly hewn altar of Beogh.
 21631 | Orc:3    | Found a flagged portal.
 21640 | Bailey   | Entered a bailey
 22115 | Bailey   | Received a gift from Okawaru
 22115 | Bailey   | Reached XP level 14. HP: 93/93 MP: 22/22
 22414 | Orc:3    | HP: 6/139 [orc priest/divine providence[an orc high priest] (15)]
 22962 | D:9      | Bought a glowing golden ring for 120 gold pieces
 22980 | D:9      | Bought the amulet "Obiogar" {Spirit Dex+4 Slay+2 Stlth+} for 622 gold pieces
 23260 | Lair:3   | Received a gift from Okawaru
 23323 | Lair:3   | Reached skill level 1 in Evocations
 23644 | Lair:3   | Found a staircase to the Swamp.
 23886 | Lair:3   | Found a hole to the Spider Nest.
 26475 | Lair:5   | Upgraded the game from 0.17-a0-1863-g715b4b0 to 0.17-a0-1880-gacf7e67
 26919 | Lair:6   | Got a bloodstained leather armour
 27022 | Lair:6   | Received a gift from Okawaru
 27449 | Lair:6   | Identified the +1 leather armour of Unreason {Str-3 Dex+7 SInv} (You found it on level 6 of the Lair of Beasts)
 27727 | D:13     | Paralysed by Rupert for 3 turns
 27767 | D:13     | Paralysed by Rupert for 4 turns
 27772 | D:13     | Killed Rupert
 27772 | D:13     | Received a gift from Okawaru
 27772 | D:13     | Reached skill level 16 in Slings
 28045 | D:13     | Found Zukolowo's Book Shop.
 28078 | D:13     | Bought a book of Minor Magic for 320 gold pieces
 28081 | D:13     | Learned a level 2 spell: Blink
 28116 | D:13     | Reached skill level 1 in Translocations
 28124 | D:13     | Received a gift from Okawaru
 28548 | D:13     | Noticed a catoblepas
 28622 | D:13     | Noticed a centaur warrior
 28630 | D:13     | Killed a centaur warrior
 28630 | D:13     | Reached XP level 15. HP: 90/99 MP: 23/23
 28683 | D:13     | Noticed Maurice
 28684 | D:13     | Noticed a yaktaur captain
 29090 | D:14     | Received a gift from Okawaru
 29090 | D:14     | Reached skill level 5 in Translocations
 30537 | Orc:3    | Noticed Maud
 30594 | Orc:3    | Killed Maud
 30886 | Orc:4    | Entered Level 4 of the Orcish Mines
 30931 | Orc:4    | Noticed Saint Roka
 31054 | Orc:4    | Found a staircase to the Elven Halls.
 31072 | Orc:4    | Found Weokk's Food Boutique.
 31198 | Orc:3    | Killed Saint Roka
 31710 | Orc:4    | Noticed an orc warlord
 32052 | Orc:3    | Killed an orc warlord
 32052 | Orc:3    | Reached skill level 10 in Translocations
 32730 | Orc:4    | Found Kiple's General Store.
 32731 | Orc:4    | Found Paptulic's Book Boutique.
 32732 | Orc:4    | Found Desasod's Antique Armour Shop.
 32732 | Orc:4    | Found Ryhunac's Antique Weapon Shop.
 32746 | Orc:4    | Bought a scroll of teleportation for 48 gold pieces
 32746 | Orc:4    | Bought a scroll of identify for 32 gold pieces
 32746 | Orc:4    | Bought a scroll of identify for 32 gold pieces
 32941 | Orc:4    | Received a gift from Okawaru
 33457 | D:13     | Found a gate to the Vaults.
 33484 | D:13     | Killed a yaktaur captain
 33507 | D:13     | Killed Maurice
 33894 | D:13     | Killed a catoblepas
 34061 | D:13     | Noticed a catoblepas
 34063 | D:13     | Noticed a centaur warrior
 34068 | D:13     | Killed a catoblepas
 34099 | D:13     | Killed a centaur warrior
 34461 | D:13     | Noticed a fire giant
 34483 | D:13     | Killed a fire giant
 34483 | D:13     | Reached XP level 16. HP: 86/105 MP: 20/25
 34520 | D:13     | Noticed an ettin
 34530 | D:13     | Killed an ettin
 34530 | D:13     | Received a gift from Okawaru
 34545 | D:13     | Noticed a centaur warrior
 34553 | D:13     | Killed a centaur warrior
 34617 | D:13     | Noticed a tengu reaver
 34622 | D:13     | Noticed a war gargoyle
 34629 | D:13     | Noticed an ettin
 34713 | D:13     | Killed a tengu reaver
 34982 | D:13     | Killed a war gargoyle
 35000 | D:13     | Killed an ettin
 35612 | D:14     | Received a gift from Okawaru
 35957 | D:14     | Reached skill level 5 in Evocations
 36153 | D:15     | Entered Level 15 of the Dungeon
 36211 | D:15     | Found a portal to a secret trove of treasure.
 37294 | D:15     | Found a staircase to the Depths.
 37646 | Lair:1   | Learned a level 2 spell: Repel Missiles
 37702 | Swamp:1  | Entered Level 1 of the Swamp
 37900 | Swamp:1  | Reached skill level 1 in Charms
 37900 | Swamp:1  | Reached skill level 1 in Air Magic
 37901 | Swamp:1  | Got a pitted ring mail
 37931 | Swamp:1  | Learned a level 2 spell: Swiftness
 39269 | Swamp:1  | Gained mutation: You tend to lose your temper in combat. [mutagenic glow]
 39308 | Swamp:1  | Gained mutation: Your spells are a little easier to cast, but a little less powerful. [mutagenic glow]
 39510 | Lair:1   | Lost mutation: Your spells are a little easier to cast, but a little less powerful. [potion of cure mutation]
 39510 | Lair:1   | Lost mutation: You tend to lose your temper in combat. [potion of cure mutation]
 39510 | Lair:1   | Lost mutation: You are partially covered in icy blue scales (AC +1). [potion of cure mutation]
 39556 | Spider:1 | Entered Level 1 of the Spider Nest
 40296 | Spider:1 | Reached skill level 15 in Invocations
 40304 | Spider:1 | Received a gift from Okawaru
 40493 | Spider:1 | Reached XP level 17. HP: 91/109 MP: 28/28
 40765 | Spider:1 | Received a gift from Okawaru
 40824 | Spider:1 | Got a pair of brightly glowing boots
 40835 | Spider:1 | Identified the +1 pair of boots of a wizard's laboratory {Str+2} (You found it on level 1 of the Spider Nest)
 42147 | Spider:2 | Received a gift from Okawaru
 42187 | Spider:2 | Got a blackened plate armour {god gift}
 42515 | Spider:2 | Identified the +4 plate armour of Follow the Leader {*Corrode Dex+5} (Okawaru gifted it to you on level 2 of the Spider Nest)
 42525 | Spider:2 | Identified the +3 ring mail of the Blue Moon {rElec rF+ Dex-3 Stlth-} (You found it on level 1 of the Swamp)
 43111 | Spider:3 | Reached skill level 17 in Invocations
 43917 | Spider:4 | Entered Level 4 of the Spider Nest
 44656 | Spider:4 | Noticed Arachne
 44668 | Spider:4 | Killed Arachne
 44668 | Spider:4 | Reached skill level 10 in Short Blades
 45788 | Spider:4 | Reached XP level 18. HP: 83/118 MP: 30/30
 46047 | Spider:4 | Noticed Louise
 46059 | Spider:4 | Killed Louise
 46491 | Spider:4 | Received a gift from Okawaru
 46644 | Spider:4 | Gained mutation: You are weak. (Str -2) [mutagenic glow]
 46891 | Spider:4 | Gained mutation: Potions and wands are less effective at restoring your health. [mutagenic glow]
 47294 | Spider:4 | Got a gossamer rune of Zot
 47793 | Lair:1   | Lost mutation: Potions and wands are less effective at restoring your health. [potion of cure mutation]
 47793 | Lair:1   | Lost mutation: You are weak. (Str -2) [potion of cure mutation]
 47960 | Vaults:1 | Entered Level 1 of the Vaults
 48707 | Vaults:1 | Found a gateway to a bazaar.
 48770 | Bazaar   | Entered a bazaar
 48779 | Bazaar   | Found Tezuhoo's Antique Weapon Emporium.
 48792 | Bazaar   | Found Ahanuust's Antique Weapon Shoppe.
 48807 | Bazaar   | Found Vuafur's Antique Armour Shoppe.
 48818 | Bazaar   | Found Qamiv's Antique Armour Emporium.
 48846 | Bazaar   | Bought an ichor-stained chain mail for 275 gold pieces
 48846 | Bazaar   | Bought an obsidian-encrusted scale mail for 261 gold pieces
 48856 | Bazaar   | Bought a polished chain mail for 180 gold pieces
 48908 | Bazaar   | Bought a transparent plate armour for 532 gold pieces
 48920 | Bazaar   | Bought a ripped robe for 165 gold pieces
 48937 | Bazaar   | Identified the cursed +0 robe of the Great Game {+Fly rN+} (You bought it in a shop in a bazaar)
 48949 | Bazaar   | Identified the +2 chain mail "Ijecykla" {Slay+3} (You bought it in a shop in a bazaar)
 48959 | Bazaar   | Identified the +6 scale mail of Objectivity {rN+} (You bought it in a shop in a bazaar)
 48969 | Bazaar   | Identified the cursed +1 chain mail of Context {rF+ Int+2} (You bought it in a shop in a bazaar)
 48980 | Bazaar   | Identified the +10 plate armour "Duen" {+Blink MR- Dex+7} (You bought it in a shop in a bazaar)
 50146 | Vaults:1 | Received a gift from Okawaru
 50149 | Vaults:1 | Got a pitted crystal plate armour {god gift}
 51389 | Vaults:1 | Identified the +11 crystal plate armour "Serghoogg" {rF+ MR+} (Okawaru gifted it to you on level 1 of the Vaults)
 51980 | Vaults:1 | Reached skill level 10 in Dodging
 52177 | Vaults:2 | Noticed a lich
 52177 | Vaults:2 | Noticed a lich
 52194 | Vaults:1 | Killed from afar by a lich

Vault maps used:
D:1:      lightli_arrival_chessboard, st_stairs_14
D:2:      corexii_item_surrounded_by_moat, nemelex_lonely_heart_becter
D:3:      nicolae_overflow_crystal_walls, tgw_xom, uniq_sigmund
D:4:      first_bread, makhleb_altar_promises_db
D:5:      lemuel_doored_altar, temple_green
D:6:      minmay_goblin_kobold_castle, lemuel_crystal_altar,
          kennysheep_generic_room_10
D:7:      slow_altar_1, nemelex_deck
D:8:      kennysheep_mini, nicolae_overflow_hidden_temple, serial_shops, shop,
          uniq_grum
D:9:      led_sif_pool, serial_shops, nicolae_shop_behind_doors, shop, shop,
          nicolae_shop_behind_doors
D:10:     basic_altar, uniq_urug, uniq_josephine, uniq_psyche, uniq_sonja
D:11:     david_lair_generic, minmay_orc_entry_temple_small
D:12:     hangedman_stone_soup, kennysheep_nub, kennysheep_generic_room_5
D:13:     lemuel_traditional_vault, david_vaults_2, serial_shops,
          nicolae_shop_crystal, uniq_maurice, uniq_rupert
D:14:     serial_park_tiny_pond
D:15:     gammafunk_enter_depths_forms, minmay_strange_pillars, enter_trove_1,
          nicolae_lava_and_water, minmay_misc_feat_roman
Temple:   roderic_octagonal_lattice_temple
Lair:1:   beast_lair_carwin_9, uniq_gastronok
Lair:2:   st_stairs_8, eino_house_with_fridge, infiniplex_staircase_pool
Lair:3:   swamp_mist, dummy_spider_entry, serial_bayou_pond_d, st_stairs_3,
          roderic_carrion_pond
Lair:4:   minivault_11
Lair:6:   serial_bayou_pond_d, kennysheep_basilisk_garden
Swamp:1:  hangedman_swamp_ruin_wall, swamp_pool1
Spider:1: special_room
Spider:2: spiders_nest_scorpion_pit, spiders_nest_wasp_nest
Spider:3: cheibrodos_spider_creepycove, nicolae_spider_cling_halls
Spider:4: grunt_spider_rune_circles, uniq_arachne, uniq_louise
Orc:1:    mines3_lemuel
Orc:2:    basic_altar
Orc:3:    enter_bailey_5, nicolae_orc_pool_cavern, statue_in_the_mist_lemuel,
          uniq_maud
Orc:4:    st_orc_congregation, serial_shops, shop, lab_entry_generic,
          uniq_saint_roka
Vaults:1: vaults_room_door_ring, ontoclasm_vaults_misaligned, v_misc_15,
          vaults_mumra_chevron, special_room_vaults, grunt_vaults_hallway_long,
          vaults_dpeg_spiral, grunt_vaults_hallway_short,
          ontoclasm_vaults_shuriken, ontoclasm_vaults_decontamination,
          nicolae_vaults_diagonal_hallway_6, vaults_dpeg_ring, serial_shops,
          bzr_entry_lakeside
Vaults:2: hangedman_vaults_maws, vaults_mumra_hex, v_misc_3, v_misc_13,
          hangedman_vaults_variations, st_squares, vaults_room_boxed, v_misc_12,
          vaults_room_stairs_pillars, nicolae_vaults_rhombus_6,
          minmay_crypt_entry_nasty_monster, uniq_jory, uniq_nikola
Bazaar:   bazaar_minmay_armour_weapon
Bailey:   bailey_polearm_1, bailey

Action                   |  1- 3 |  4- 6 |  7- 9 | 10-12 | 13-15 | 16-18 || total
-------------------------+-------+-------+-------+-------+-------+-------++-------
Melee: Dagger            |       |    71 |    36 |   110 |   148 |   806 ||  1171
       Greatsling        |       |       |       |     1 |       |     3 ||     4
       Short sword       |       |       |       |       |       |   136 ||   136
 Fire: Hunting sling     |    52 |   121 |   258 |       |       |       ||   431
       Greatsling        |       |       |   369 |  1111 |  2776 |  1927 ||  6183
 Cast: Blink             |       |       |       |       |     3 |     8 ||    11
Invok: Heroism           |       |       |     2 |     3 |    10 |     3 ||    18
       Finesse           |       |       |       |       |     7 |     5 ||    12
 Abil: Evoke Invisibilit |       |       |       |       |     4 |    24 ||    28
       Evoke Blink       |       |       |       |       |       |     3 ||     3
Evoke: Wand              |       |       |       |       |     8 |    22 ||    30
  Use: Scroll            |     6 |    10 |     4 |    10 |    17 |    14 ||    61
       Potion            |       |     1 |     1 |     5 |    16 |     8 ||    31
 Stab: Sleeping          |       |       |     1 |       |     1 |     3 ||     5
       Invisible         |       |       |       |       |     3 |    48 ||    51
       Distracted        |       |       |       |       |       |     5 ||     5
  Eat: Chunk             |       |     5 |    10 |     8 |    31 |    21 ||    75
       Fruit             |       |       |     6 |     7 |     3 |     3 ||    19
       Meat ration       |       |       |       |     1 |       |     1 ||     2
       Bread ration      |       |       |       |     1 |     4 |     2 ||     7
       Royal jelly       |       |       |       |       |     2 |    11 ||    13
       Pizza             |       |       |       |       |     3 |       ||     3
       Beef jerky        |       |       |       |       |     1 |     6 ||     7
